 Dungeon Crawl Stone Soup version 0.29.0-7-g18a832c13a (webtiles) character file.

Game seed: 9828313127278659751

124 gelatine the Shooter (level 4, -1/42 HPs)
             Began as a Troll Hunter on Aug 30, 2022.
             Was a Believer of Jiyva.
             Slain by Pikel
             ... wielding a +2 whip of flaming
              (7 damage)
             ... on level 4 of the Dungeon.
             The game lasted 00:05:48 (1855 turns).

gelatine the Shooter (Troll Hunter)                 Turns: 1855, Time: 00:05:48

Health: -1/42      AC:  4    Str: 19    XL:     4   Next: 81%
Magic:  3/3        EV: 10    Int:  5    God:    Jiyva [**....]
Gold:   69         SH:  0    Dex: 15    Spells: 3/3 levels left

rFire   . . .      SeeInvis .   a - +0 shortbow
rCold   . . .      Faith    .   (shield currently unavailable)
rNeg    . . .      Spirit   .   c - +0 robe
rPois   .          Reflect  .   (helmet restricted)
rElec   .          Harm     .   (no cloak)
rCorr   +          Rampage  .   (gloves unavailable)
Will    +....                   (boots unavailable)
Stlth   ++........              f - amulet of regeneration
HPRegen 2.70/turn               e - ring of willpower
MPRegen 0.38/turn               (no ring)

@: no status effects
A: large, unfitting armour, claws 3, regeneration 1, shaggy fur 1, tough skin 1
a: Renounce Religion


You were on level 4 of the Dungeon.
You worshipped Jiyva.
Jiyva was pleased with you.
You visited 1 branch of the dungeon, and saw 4 of its levels.

You collected 69 gold pieces.

Inventory:

Hand Weapons
 a - a +0 shortbow (weapon)
 g - a +0 dagger of freezing
Armour
 c - a +0 robe (worn)
Jewellery
 e - a ring of willpower (left claw)
 f - an amulet of regeneration (around neck)
Scrolls
 b - a scroll of immolation
 d - 2 scrolls of identify
 h - a scroll of noise


   Skills:
 + Level 2.0 Fighting
 + Level 4.0 Ranged Weapons
 + Level 1.6 Dodging
 + Level 0.4 Stealth


You had 3 spell levels left.
You didn't know any spells.
Your spell library was empty.

Dungeon Overview and Level Annotations

Branches:
Dungeon (4/15)
 Temple: D:4-7

Altars:
Hepliaklqana
Trog
Jiyva

Annotations:
D:4 Pikel


Innate Abilities, Weirdness & Mutations

You are too large for most types of armour.
You have claws for hands.
Your natural rate of healing is unusually fast.
You are covered in fur. (AC +1)
You have tough skin. (AC +1)


Message History

You are too injured to fight recklessly!
The endoplasm hits Pikel but does no damage.
Pikel attacks as you move away!
Pikel hits you with a +2 whip of flaming.
Pikel burns you.
An orc comes into view. It is wielding a +0 hand axe.
As you read the scroll labelled BAR XYRUMEMEST, it crumbles to dust.
It is a scroll of identify.
h - a scroll of noise Pikel barely misses you.
Pikel attacks as you move away!
Pikel hits you with a +2 whip of flaming!
* * * LOW HITPOINT WARNING * * *
Pikel burns you.
* * * LOW HITPOINT WARNING * * *
Okay, then.
You are too injured to fight recklessly!
Fire: a) +0 shortbow
Press: ? - help, Q - select action Shift-Dir - straight line, f/p - Pikel
Aim: Pikel, wielding a +2 whip of flaming and wearing a +2 robe of fire resistance (moderately wounded, 55% to hit)
You shoot an arrow. The arrow hits Pikel.
Pikel is moderately wounded.
Pikel hits you with a +2 whip of flaming.
* * * LOW HITPOINT WARNING * * *
Pikel burns you.
* * * LOW HITPOINT WARNING * * *
The orc hits you but does no damage.
Pikel hits you with a +2 whip of flaming.
* * * LOW HITPOINT WARNING * * *
Pikel burns you.
* * * LOW HITPOINT WARNING * * *
Fire: a) +0 shortbow
Press: ? - help, Q - select action Shift-Dir - straight line, f/p - Pikel
Aim: Pikel, wielding a +2 whip of flaming and wearing a +2 robe of fire resistance (moderately wounded, 55% to hit)
You shoot an arrow. The arrow hits Pikel.
Pikel is moderately wounded.
The orc hits you with a +0 hand axe.
* * * LOW HITPOINT WARNING * * *
Pikel hits you with a +2 whip of flaming!
You die...

.####....##.####.#.....##
.# #..#.##.# #. .....# .#
#..#.##.# #####...#
.#######.##.. ....##
.........# #..#
########## #####.##
.#....## #......#
...##..## ##K###..#
#..#..#.## #@.#..###
..###..#.## #o###..#
..#.....#.## ..#..###
.###..#..#.## ..###..#
.#..##.#..#.##..#..###
###..##.#..#.#####..#
#..#####.#..#.##..###
##..# ##.#..#.##..# ..###
##.#..#..###


You could see Pikel and an orc.

Vanquished Creatures
  4 lemures (D:4)
  3 gnolls (D:2)
  4 adders
  2 worms
  2 dart slugs (D:1)
  2 orcs (D:3)
  5 ball pythons
  4 goblins
  4 hobgoblins
  2 jackals (D:1)
  3 quokkas (D:1)
  5 bats (D:1)
  3 frilled lizards
  9 kobolds
  4 rats
56 creatures vanquished.

Vanquished Creatures (others)
  A wizard (D:3)
  2 adders
  2 dart slugs (D:3)
  4 endoplasms
  2 orcs
  2 ball pythons
  A giant cockroach (D:1)
  A goblin (D:4)
  2 hobgoblins
  A jackal (D:1)
  4 quokkas
  3 bats
  A frilled lizard (D:2)
  2 kobolds (D:2)
  2 rats
  2 plants (D:1)
32 creatures vanquished.

Grand Total: 88 creatures vanquished

Notes
Turn   | Place    | Note
-------+----------+-------------------------------------------
     0 | D:1      | gelatine the Troll Hunter began the quest for the Orb.
     0 | D:1      | Reached XP level 1. HP: 19/19 MP: 0/0
     2 | D:1      | Noticed a ghoul
     2 | D:1      | Noticed a merfolk
     4 | D:1      | Noticed a demonspawn
     4 | D:1      | Noticed an elf
     6 | D:1      | Noticed a draconian
     6 | D:1      | Noticed a minotaur
     8 | D:1      | Noticed a meteoran
     8 | D:1      | Noticed an octopode
    10 | D:1      | Noticed a vine stalker
    12 | D:1      | Noticed a demigod
    12 | D:1      | Noticed a vampire
    14 | D:1      | Noticed a troll
    14 | D:1      | Noticed a human
    16 | D:1      | Noticed a naga
    16 | D:1      | Noticed a tengu
    18 | D:1      | Noticed a palentonga
    18 | D:1      | Noticed a spriggan
    20 | D:1      | Noticed a formicid
    20 | D:1      | Noticed a felid
    22 | D:1      | Noticed a gargoyle
    22 | D:1      | Noticed an ogre
    26 | D:1      | Noticed an octopode
    26 | D:1      | Noticed a vampire
    64 | D:1      | Reached skill level 3 in Ranged Weapons
    78 | D:1      | Reached XP level 2. HP: 27/27 MP: 1/1
   145 | D:1      | Found a faded altar of an unknown god.
   152 | D:1      | Prayed at the altar of an unknown god.
   152 | D:1      | Became a worshipper of Jiyva Joefeku the Shapeless
   152 | D:1      | Reached * piety under Jiyva
   329 | D:1      | Reached XP level 3. HP: 33/33 MP: 2/2
   736 | D:2      | Reached XP level 4. HP: 33/42 MP: 3/3
  1075 | D:3      | Reached ** piety under Jiyva
  1164 | D:3      | Found a bloodstained altar of Trog.
  1272 | D:3      | Reached skill level 4 in Ranged Weapons
  1348 | D:3      | Found a hazy altar of Hepliaklqana.
  1464 | D:3      | Noticed a wizard
  1469 | D:3      | Killed a wizard
  1670 | D:4      | Reached *** piety under Jiyva
  1672 | D:4      | Noticed a lemure
  1676 | D:4      | Noticed a lemure
  1677 | D:4      | Noticed a lemure
  1678 | D:4      | Noticed Pikel
  1679 | D:4      | Noticed a lemure
  1695 | D:4      | Killed a lemure
  1698 | D:4      | Killed a lemure
  1699 | D:4      | Killed a lemure
  1700 | D:4      | Killed a lemure
  1855 | D:4      | Slain by Pikel

Illustrated notes

Levels and vault maps discovered:
D:1:      kb_arrival_jail, layout_loops_ring,
          shapermc_ecumenical_altar_hornbeckon, minivault_27
D:2:      layout_rooms
D:3:      layout_rooms, trog_wizard, nzn_hepliaklqana_mist_gate, minmay_bisected
D:4:      minmay_razor_zed, layout_basic, lemuel_round_altar,
          mainiacjoe_overflow_surrounded_room, uniq_pikel

Skill      XL: |  1  2  3  4 |
---------------+-------------+-----
Ranged Weapons | 3 4 |  4.0
Fighting       | 2 |  2.0
Dodging        | |  1.6
Stealth        | |  0.4

Action                   |  1- 3 |  4- 6 || total
-------------------------+-------+-------++-------
 Fire: Shortbow          |   107 |    99 ||   206
Invok: Oozemancy         |       |     1 ||     1
  Use: Scroll            |       |     1 ||     1
Armor: Robe              |    32 |    12 ||    44
Dodge: Dodged            |    41 |    31 ||    72
